 Dungeon Crawl Stone Soup version 0.20.1-1-g8b1a95d (webtiles) character file.

315 tmwrnj the Chopper (level 6, -7/56 HPs)
             Began as a Hill Orc Fighter on July 23, 2017.
             Killed from afar by an orc wizard (12 damage)
             ... with a puff of flame
             ... on level 5 of the Dungeon.
             The game lasted 00:06:47 (2830 turns).

tmwrnj the Chopper (Hill Orc Fighter)               Turns: 2830, Time: 00:06:49

Health: -7/56      AC:  8    Str: 20    XL:     6   Next: 44%
Magic:  6/6        EV:  7    Int:  8    God:
Gold:   184        SH:  9    Dex: 11    Spells: 5/5 levels left

rFire    . . .     SeeInvis .   a - +0 war axe
rCold    . . .     Gourm    .   c - +0 shield
rNeg     . . .     Faith    .   b - +0 scale mail
rPois    .         Spirit   .   (no helmet)
rElec    .         Reflect  .   (no cloak)
rCorr    .         Harm     .   j - +0 pair of gloves
MR       .....                  (no boots)
Stlth    ..........             (no amulet)
Regen    0.2/turn               (no ring)
MPRegen  0.1/turn               (no ring)

@: no status effects
A: no striking features
a: no special abilities


You were on level 5 of the Dungeon.
You were very hungry.

You visited 1 branch of the dungeon, and saw 5 of its levels.
You also visited: Sewer.

You collected 184 gold pieces.

Inventory:

Hand Weapons
 a - a +0 war axe (weapon)
Armour
 b - a +0 scale mail (worn)
 c - a +0 shield (worn)
 j - a +0 pair of gloves (worn)
Jewellery
 q - an uncursed ring of magical power {unknown}
 x - an uncursed ring of magical power {unknown}
Scrolls
 e - 4 scrolls of remove curse {unknown}
 h - a scroll of fog {unknown}
 i - a scroll of noise {unknown}
 k - a scroll of magic mapping {unknown}
 m - 5 scrolls of identify {unknown}
 p - a scroll of amnesia {unknown}
 r - a scroll of recharging {unknown}
 y - 2 scrolls of teleportation {unknown}
 z - a scroll of immolation {unknown}
Potions
 d - a potion of might
 g - a potion of ambrosia {unknown}
 l - a potion of haste {unknown}
 n - 2 potions of curing {unknown}
 o - a potion of invisibility {unknown}
 s - a potion of mutation {unknown}
 w - a potion of agility {unknown}
 A - a potion of lignification {unknown}
 B - a potion of degeneration {unknown}
 C - 3 potions of heal wounds {unknown}
 D - 2 potions of flight {unknown}
Books
 v - a book of Enchantments

   Spells                             Type                      Level
   a - Cause Fear                     Hexes                        4
   b - Yara's Violent Unravelling     Hexes/Transmutation          5
   c - Silence                        Hexes/Air                    5
   d - Deflect Missiles               Charms/Air                   6
   e - Discord                        Hexes                        8
Comestibles
 f - a bread ration
 t - 3 fruits
 u - 2 meat rations


   Skills:
 + Level 5.0 Fighting
 + Level 5.8 Axes
 + Level 4.1 Armour
 + Level 0.8 Dodging
 + Level 0.6 Stealth
 + Level 4.4 Shields


You had 5 spell levels left.
You didn't know any spells.

Dungeon Overview and Level Annotations

Branches:
Dungeon (4/15)
 Temple: D:4-7

Altars:
Makhleb
Xom


Message History

You hear some strange, mumbled words.
A puff of frost appears from out of thin air!
The puff of frost hits you! Something hits you but does no damage.
You miss something.
You hear some strange, mumbled words.
A puff of flame appears from out of thin air!
The puff of flame hits you!
* * * LOW HITPOINT WARNING * * *
Something hits you but does no damage.
You miss something. Something hits you but does no damage.
Something hits you but does no damage.
You hear some strange, mumbled words.
A puff of flame appears from out of thin air!
The puff of flame hits you!
* * * LOW HITPOINT WARNING * * *
You are feeling very hungry.
You hear some strange, mumbled words.
A puff of flame appears from out of thin air!
The puff of flame hits you!
You die...

#. #..# .. #. #..#
.####..####
#..........#
####.##.##.# #.
#.##.# # #(...# #
###..#
##.####@.######.#
.................
..(.....#######.#
.##.###.# # #o#
##.###.#######.##
........o.ooo....#
....###.#####..#.#
## #.# ..#


You could see 2 orcs.

Vanquished Creatures
  A big kobold (Sewer)
  A crimson imp (D:3)
  Jessica (D:2)
  An iguana (D:4)
  A hound skeleton (D:4)
  4 gnolls (D:2)
  An adder (D:2)
  A river rat (Sewer)
  An ooze (D:3)
  2 worms (D:3)
  4 dart slugs
  A leopard gecko (D:2)
  3 orcs (D:3)
  5 giant cockroaches
  5 goblins
  9 hobgoblins
  3 jackals (D:3)
  13 kobolds
  A quokka (D:2)
  2 ball pythons
  8 bats
  2 frilled lizards
  12 rats
  4 bushes (D:1)
  4 plants (D:1)
  4 toadstools (D:1)
94 creatures vanquished.

Notes
Turn   | Place    | Note
-------+----------+-------------------------------------------
     0 | D:1      | tmwrnj the Hill Orc Fighter began the quest for the Orb.
     0 | D:1      | Reached XP level 1. HP: 19/19 MP: 1/1
   361 | D:1      | Reached XP level 2. HP: 24/27 MP: 2/2
   786 | D:1      | Reached XP level 3. HP: 33/33 MP: 3/3
   982 | D:2      | Noticed Jessica
   984 | D:2      | Killed Jessica
   984 | D:2      | Reached XP level 4. HP: 40/40 MP: 4/4
  1323 | D:2      | Reached XP level 5. HP: 43/46 MP: 5/5
  2181 | D:3      | Found a burning altar of Makhleb.
  2182 | D:3      | Found a shimmering altar of Xom.
  2453 | D:4      | Reached skill level 5 in Axes
  2474 | D:4      | Reached XP level 6. HP: 51/53 MP: 6/6
  2475 | D:4      | You fall through a shaft!
  2475 | D:5      | Entered Level 5 of the Dungeon
  2475 | D:5      | Found a glowing drain.
  2501 | Sewer    | Entered a sewer
  2702 | Sewer    | Reached skill level 5 in Fighting
  2717 | Sewer    | Found a white marble altar of Elyvilon.
  2830 | D:5      | Killed from afar by an orc wizard

Skill      XL: |  1  2  3  4  5  6 |
---------------+-------------------+-----
Fighting       | 4 5 |  5.0
Axes           | 3 4 5 |  5.8
Shields        | 4 |  4.4
Armour         | 4 |  4.1
Dodging        | |  0.8
Stealth        | |  0.6

Action                   |  1- 3 |  4- 6 || total
-------------------------+-------+-------++-------
Melee: War axe           |   317 |   183 ||   500
  Eat: Chunk             |     1 |     5 ||     6
       Fruit             |       |     1 ||     1
Armor: Scale mail        |    45 |    75 ||   120
Dodge: Dodged            |    42 |    46 ||    88
Block: Shield            |    56 |    75 ||   131
